AoeStats
← Alex jr

Arena

509493417Analyzed
4v4 RM · 5d ago on Sep 27, 2026· 44m 22s· 8 players
Game mode
Random Map
Map size
Large (8 player)
Population
200
Speed
Normal
Resources
Standard
Victory
Conquest
Starting age
Dark Age
Ending age
Imperial Age
RankedLock teamsTeams togetherTeam positionsShared explorationLock speedFull tech treeHidden civsTurbo modeCheats
Victory
Defeat
🇧🇷 Saxons · Brazil
1398
+13
🇨🇳 Burmese · China
1381
+14
🇨🇳 Mongols · China
1351
+15
🇧🇷 Vietnamese · Brazil
1329
+15
🇵🇹 Muisca · Portugal
1349
-15
🇺🇸 Malay · United States
1346
-15
🇲🇽 Slavs · Mexico
1311
-14
🇲🇽 Hindustanis · Mexico
1295
-13
APPM
8:55 Feudal Age
8:31 Double-Bit Axe
8:29 Horse Collar
15:16 Castle Age
15:11 Bow Saw
16:03 Bow Saw
17:58 Loom
19:44 Gold Mining
20:55 Heavy Plow
21:50 Wheelbarrow
21:28 Stone Mining
26:35 Imperial Age
24:35 Fletching
24:37 Crossbowman
25:41 Ballistics
25:51 Bodkin Arrow
27:19 Conscription
27:40 Hand Cart
27:44 Bracer
28:56 Gold Shaft Mining
30:08 Chemistry
29:23 Padded Archer Armor
30:44 Thumb Ring
31:02 Siege Engineers
30:57 Arbalester
32:30 Leather Archer Armor
Morfeo
10:02 Feudal Age
14:15 Castle Age
12:38 Double-Bit Axe
12:36 Horse Collar
13:45 Stone Mining
17:27 Wheelbarrow
21:15 Loom
22:22 Forging
23:07 Fletching
23:24 Scale Barding Armor
25:22 Chain Barding Armor
26:10 Iron Casting
29:02 Bodkin Arrow
29:38 Gold Mining
33:50 Imperial Age
31:42 Town Watch
33:56 Elite Boyar
Caronte
9:36 Feudal Age
13:32 Castle Age
11:21 Loom
16:14 Double-Bit Axe
16:12 Horse Collar
31:30 Wheelbarrow
33:33 Bow Saw
34:31 Heavy Plow
35:05 Forging
34:56 Scale Mail Armor
35:21 Hand Cart
BARAKA wins!
7:09 Loom
11:16 Feudal Age
12:32 Double-Bit Axe
15:42 Castle Age
13:25 Horse Collar
16:45 Bow Saw
17:28 Heavy Plow
21:30 Wheelbarrow
21:14 Gold Mining
23:09 Hand Cart
24:22 Stone Mining
28:02 Imperial Age
26:27 Stone Mining
26:20 Treadmill Crane
26:51 Masonry
27:21 Scale Mail Armor
27:31 Forging
28:03 Gold Shaft Mining
28:48 Chain Mail Armor
28:07 Champi Runner
29:14 Squires
29:50 Iron Casting
28:51 Champi Warrior
31:41 Two-Man Saw
31:13 Crop Rotation
31:19 Plate Mail Armor
31:00 Elite Champi Warrior
31:57 Herbalism
32:55 Conscription
33:37 Sanctity
33:22 Elite Temple Guard
35:15 Siege Engineers
43:57 Chemistry
Mateus Viana
11:24 Feudal Age
12:33 Double-Bit Axe
12:39 Horse Collar
15:28 Castle Age
13:31 Gold Mining
16:54 Bow Saw
16:47 Heavy Plow
20:21 Scale Mail Armor
21:30 Chain Mail Armor
21:26 Forging
26:08 Iron Casting
33:05 Imperial Age
30:22 Loom
31:43 Wheelbarrow
31:51 Stone Mining
35:03 Plate Mail Armor
36:56 Squires
38:11 Gambesons
38:13 Arson
39:21 Conscription
39:26 Man-at-Arms
40:08 Shield Wall
40:13 Elite Hearth Troop
40:48 Long Swordsman
43:02 Elite Varangian Guard
43:16 Two-Handed Swordsman
44:01 Champion
牛比无极限
9:06 Feudal Age
13:12 Castle Age
11:37 Double-Bit Axe
11:50 Horse Collar
16:51 Loom
23:50 Wheelbarrow
29:14 Imperial Age
27:07 Fletching
27:50 Bodkin Arrow
27:56 Padded Archer Armor
28:41 Bow Saw
28:36 Heavy Plow
30:22 Conscription
30:47 Ballistics
30:30 Bracer
32:02 Chemistry
32:23 Elite Mangudai
34:38 Bloodlines
34:29 Husbandry
35:07 Leather Archer Armor
35:01 Thumb Ring
35:21 Parthian Tactics
Alex jr
10:20 Feudal Age
14:35 Castle Age
13:06 Double-Bit Axe
13:46 Horse Collar
15:37 Bow Saw
19:03 Wheelbarrow
19:14 Town Watch
20:30 Stone Mining
21:37 Heavy Plow
21:30 Loom
24:34 Gold Mining
27:48 Imperial Age
25:38 Fletching
26:16 Masonry
26:55 Bodkin Arrow
27:23 Ballistics
27:48 Padded Archer Armor
27:55 Thumb Ring
29:33 Chemistry
28:43 Bracer
29:52 Elite Skirmisher
32:47 Paper Money
32:25 Imperial Skirmisher
33:53 Leather Archer Armor
35:37 Two-Man Saw
38:33 Hand Cart
39:02 Crossbowman
39:32 Arbalester
41:13 Ring Archer Armor
42:30 Fortified Wall
43:55 Caravan
44:26 Coinage
44:06 Guilds
44:31 Crop Rotation
猪大肠
11:01 Feudal Age
15:00 Castle Age
15:19 Horse Collar
16:06 Heavy Plow
19:39 Loom
23:14 Wheelbarrow
24:56 Hand Cart
31:05 Imperial Age
29:17 Scale Barding Armor
29:23 Forging
30:51 Chain Barding Armor
30:42 Bloodlines
30:33 Husbandry
31:13 Elite Battle Elephant
32:29 Plate Barding Armor
32:16 Conscription
31:57 Howdah
34:17 Iron Casting
37:10 Man-at-Arms
38:55 Blast Furnace
37:55 Scale Mail Armor
38:02 Long Swordsman
38:44 Squires
38:30 Gambesons
38:58 Two-Handed Swordsman
39:35 Champion
41:30 Chain Mail Armor
42:04 Gold Mining
Connection lost

Rejoining the realm…

Still unreachable

The connection could not be restored.

Session expired

The server has moved on; the page needs a fresh start.